 Dungeon Crawl Stone Soup version 0.18-a0-246-gbfa2ae1 (webtiles) character file.

10783 Duffy the Martial Artist (level 11, -11/88 HPs)
             Began as an Octopode Transmuter on Nov 25, 2015.
             Was an Initiate of Gozag.
             Mangled by a blink frog (14 damage)
             ... on level 2 of the Lair of Beasts.
             The game lasted 00:23:22 (14924 turns).

Duffy the Martial Artist (Octopode Transmuter)     Turns: 14924, Time: 00:23:22

Health: -11/88     AC:  7    Str: 10    XL:     11   Next: 67%
Magic:  0/20       EV: 15    Int: 15    God:    Gozag
Gold:   525        SH:  0    Dex: 16    Spells: 3 memorised, 13 levels left

rFire  . . .     SeeInvis .       - Unarmed
rCold  + + +     Clarity  .     (shield currently unavailable)
rNeg   . . .     SustAt   .     (helmet currently unavailable)
rPois  +         Gourm    .     O - amulet "Miakixuu" {Spirit rF+ MR+ Slay+3}
rElec  .         Spirit   +     p - +1 ring of protection
rCorr  .         Warding  .     (no ring)
rMut   .         Stasis   .     (no ring)
MR     +....                    (no ring)
Stlth  ++........               (no ring)
                                (no ring)
                                (no ring)
                                (no ring)

@: ice-form, somewhat resistant to hostile enchantments, unstealthy
A: almost no armour, amphibious, 8 rings, (constrict 8), (camouflage 0),
(gelatinous body 0)
a: End Transformation, Potion Petition, Call Merchant, Bribe Branch, Renounce
Religion


You were on level 2 of the Lair of Beasts.
You worshipped Gozag.
Gozag was noncommittal.
You were not hungry.
You were a creature of crystalline ice.
You visited 3 branches of the dungeon, and saw 13 of its levels.
You also visited: Ossuary.

You collected 2075 gold pieces.
You spent 808 gold pieces at shops.
You paid 742 gold pieces to Gozag.


Innate Abilities, Weirdness & Mutations

You cannot wear most types of armour.
You are amphibious.
You can wear up to eight rings at the same time.
((You can use your tentacles to constrict eight enemies at once.))
((Your skin changes colour to match your surroundings (Stealth).))
((Your rubbery body absorbs attacks (AC +1).))


   Skills:
 + Level 6.6 Fighting
 + Level 8.6 Dodging
 + Level 10.5 Unarmed Combat
 - Level 6.2 Spellcasting
 - Level 6.0 Transmutations
 - Level 6.2 Ice Magic


You had 13 spell levels left.
You knew the following spells:

 Your Spells              Type           Power        Failure   Level  Hunger
a - Spider Form           Trmt/Pois      ##........   14%         3    ##.....
b - Sticks to Snakes      Trmt           ###.....     1%          2    #......
c - Ice Form              Ice/Trmt       ###.....     14%         4    ####...

Inventory:

Missiles
 a - 157 arrows
 i - 332 stones (quivered)
 j - 19 poisoned needles
 y - 5 throwing nets
 C - 3 javelins
 F - 3 needles of paralysis
Armour
 f - a +2 hat (melded)
 z - a +1 buckler
Magical Staves
 S - an uncursed staff of wizardry {!a}
Jewellery
 p - a +1 ring of protection (left front paw)
 B - the amulet of Untruth {rMut MR+}

   [amulet of resist mutation]

   It protects you from mutation.
   It affects your resistance to hostile enchantments.
 H - an uncursed amulet of clarity
 J - an uncursed amulet of guardian spirit
 O - the amulet "Miakixuu" (around neck) {Spirit rF+ MR+ Slay+3}

   [amulet of guardian spirit]

   It causes incoming damage to be split between your health and magic.
   It affects your accuracy and damage with ranged weapons and melee attacks
   (+3).
   It protects you from fire.
   It affects your resistance to hostile enchantments.
 U - an uncursed ring of ice
Wands
 n - a wand of draining (7)
 o - a wand of teleportation (6)
 A - a wand of slowing (7)
 N - a wand of disintegration (16)
 Q - a wand of random effects (17)
 T - a wand of magic darts (23)
 W - a wand of polymorph (19)
 X - a wand of teleportation (4)
Scrolls
 d - 7 scrolls of teleportation
 g - 2 scrolls of immolation
 k - 4 scrolls of fog
 q - 2 scrolls of blinking {unknown}
 r - 2 scrolls of amnesia
 u - 4 scrolls of recharging
 x - a scroll of enchant weapon
 G - a scroll of fear {unknown}
 Y - a scroll of remove curse
Potions
 e - 5 potions of curing
 h - a potion of cure mutation {unknown}
 m - 3 potions of agility
 s - 4 potions of brilliance
 t - 3 potions of haste
 v - 2 potions of poison {unknown}
 w - 2 potions of lignification
 D - a potion of invisibility {unknown}
 E - a potion of might
 I - 2 potions of flight
 K - a potion of ambrosia {unknown}
 L - 2 potions of resistance
 M - 4 potions of heal wounds
 R - a potion of degeneration {unknown}
Books
 b - a book of Changes
 l - a book of Necromancy
Comestibles
 c - 10 bread rations
 P - 6 beef jerkies
 V - 4 fruits
 Z - a meat ration

Dungeon Overview and Level Annotations

Branches:
Dungeon (10/15)            Temple (1/1) D:6            Lair (2/8) D:10
    Orc (0/4) D:9

Altars:
Ashenzari
Cheibriados
Dithmenos
Elyvilon
Fedhas
Gozag
Kikubaaqudgha
Makhleb
Nemelex Xobeh
Okawaru
Qazlal
Ru
Sif Muna
Trog
Vehumet
Xom
Yredelemnul
Zin
The Shining One

Shops:
D:10 =

Annotations:
D:9 Nergalle


Message History

You are too injured to fight recklessly!
You are too injured to fight recklessly!
You are too injured to fight recklessly!
You are too injured to fight recklessly!
You are too injured to fight recklessly!
You are too injured to fight recklessly!
You are too injured to fight recklessly!
You are too injured to fight recklessly!
You are too injured to fight recklessly!
You are too injured to fight recklessly!
You are too injured to fight recklessly!
The blink frog momentarily phases out as your attack passes through it.
The blink frog is lightly wounded.
The blink frog hits you.
You miss the blink frog.
The blink frog is lightly wounded.
The blink frog hits you! x2
The blink frog hits you but does no damage.
You hit the blink frog. You freeze the blink frog.
The blink frog is moderately wounded.
The blink frog is no longer distracted by gold.
The blink frog blinks!
The blink frog misses you. The blink frog hits you.
You closely miss the blink frog.
The blink frog croaks.
The blink frog blinks!
The blink frog momentarily phases out as your attack passes through it.
The blink frog is moderately wounded.
The blink frog hits you!
The blink frog blinks!
The blink frog closely misses you. The blink frog barely misses you.
You hit the blink frog. You freeze the blink frog.
The blink frog is heavily wounded.
The blink frog closely misses you. The blink frog hits you.
The blink frog hits you!
You die...
Your body crumbles into a pile of gold.

#....#....###
#...####....##
#..# ##......#
#.#
##.......... .
##...........
#..#..##P..##
. ###..####
##...
....###$..##
..#
0.....FY...#
.#
P.(..#FF##.#
##.# #### ## .


You could see 3 blink frogs.

Action                   |  1- 3 |  4- 6 |  7- 9 | 10-12 || total
-------------------------+-------+-------+-------+-------++-------
Melee: Unarmed           |    81 |   128 |   392 |   367 ||   968
       Staff             |       |       |       |     5 ||     5
Throw: Stone             |     2 |     1 |     1 |       ||     4
 Cast: Beastly Appendage |     2 |       |     1 |       ||     3
       Spider Form       |     1 |    13 |    30 |    30 ||    74
       Ice Form          |       |       |     5 |     5 ||    10
Invok: Call Merchant     |       |       |       |     1 ||     1
Evoke: Wand              |       |       |     2 |       ||     2
  Use: Scroll            |       |       |    19 |     5 ||    24
       Potion            |       |       |       |     1 ||     1
 Stab: Sleeping          |     7 |     7 |     2 |     5 ||    21
       Distracted        |       |       |     1 |     6 ||     7
  Eat: Chunk             |     2 |     9 |     4 |       ||    15
       Pizza             |       |     2 |       |       ||     2
       Beef jerky        |       |       |     2 |       ||     2
       Meat ration       |       |       |     4 |     3 ||     7

Notes
Turn   | Place    | Note
--------------------------------------------------------------
     0 | D:1      | Duffy the Octopode Transmuter began the quest for the Orb.
     0 | D:1      | Reached XP level 1. HP: 13/13 MP: 3/3
   154 | D:1      | Reached XP level 2. HP: 15/18 MP: 5/5
   221 | D:1      | Learned a level 2 spell: Sticks to Snakes
   771 | D:1      | Reached XP level 3. HP: 23/23 MP: 6/6
   819 | D:1      | Learned a level 3 spell: Spider Form
  1470 | D:2      | Reached skill level 4 in Unarmed Combat
  1512 | D:3      | Reached XP level 4. HP: 28/28 MP: 0/7
  2300 | D:4      | Noticed McCoppin's ghost (amateur OpFi)
  2330 | D:4      | Killed McCoppin's ghost
  2330 | D:4      | Reached skill level 3 in Transmutations
  2330 | D:4      | Reached XP level 5. HP: 20/33 MP: 5/9
  2587 | D:3      | Reached skill level 3 in Spellcasting
  2703 | D:3      | Learned a level 4 spell: Ice Form
  2829 | D:4      | Reached skill level 5 in Unarmed Combat
  2992 | D:4      | Reached XP level 6. HP: 32/38 MP: 3/10
  2999 | D:4      | Reached skill level 1 in Ice Magic
  3142 | D:4      | Got a smoking diamond amulet
  3145 | D:4      | Identified the amulet of Untruth {rMut MR+} (You found it on level 4 of the Dungeon)
  4231 | D:5      | Entered Level 5 of the Dungeon
  4539 | D:5      | Reached skill level 6 in Unarmed Combat
  4539 | D:5      | Reached skill level 2 in Ice Magic
  4539 | D:5      | Reached XP level 7. HP: 41/43 MP: 7/11
  4768 | D:5      | Reached skill level 4 in Transmutations
  5571 | D:5      | Reached skill level 3 in Ice Magic
  5799 | D:6      | Found a staircase to the Ecumenical Temple.
  5836 | Temple   | Entered the Ecumenical Temple
  6117 | D:6      | Reached skill level 7 in Unarmed Combat
  6117 | D:6      | Reached XP level 8. HP: 22/48 MP: 9/12
  6438 | Temple   | Became a worshipper of Gozag Ym Sagoz the Greedy
  6794 | D:6      | Reached skill level 4 in Ice Magic
  7498 | D:7      | Reached skill level 5 in Ice Magic
  7824 | D:7      | Reached skill level 8 in Unarmed Combat
  7830 | D:7      | Reached skill level 5 in Transmutations
  7991 | D:7      | Reached XP level 9. HP: 53/53 MP: 10/13
  8874 | D:8      | Reached skill level 3 in Dodging
  8982 | D:8      | Found a sand-covered staircase.
  9048 | Ossuary  | Entered an ossuary
  9064 | Ossuary  | Reached skill level 4 in Spellcasting
  9729 | D:8      | Found a sacrificial altar of Ru.
  9817 | D:8      | Reached skill level 4 in Dodging
  9987 | D:8      | Found a snail-covered altar of Cheibriados.
 10136 | D:8      | Found a sparkling altar of Nemelex Xobeh.
 10136 | D:8      | Found a shattered altar of Ashenzari.
 10136 | D:8      | Found a blossoming altar of Fedhas.
 10138 | D:8      | Reached skill level 5 in Spellcasting
 10139 | D:8      | Found a white marble altar of Elyvilon.
 10200 | D:8      | Found a radiant altar of Vehumet.
 10201 | D:8      | Found a shadowy altar of Dithmenos.
 10372 | D:9      | Reached skill level 5 in Dodging
 10773 | D:9      | Reached skill level 6 in Spellcasting
 10773 | D:9      | Reached XP level 10. HP: 58/58 MP: 13/19
 10784 | D:9      | Reached skill level 6 in Dodging
 10972 | D:9      | Reached skill level 6 in Ice Magic
 11298 | D:9      | Reached skill level 6 in Transmutations
 11388 | D:9      | Found a staircase to the Orcish Mines.
 11873 | D:9      | Reached skill level 2 in Fighting
 11888 | D:9      | Reached skill level 7 in Dodging
 11919 | D:9      | Reached skill level 3 in Fighting
 12163 | D:10     | Entered Level 10 of the Dungeon
 12163 | D:10     | Found a staircase to the Lair.
 12164 | D:10     | Noticed Nergalle
 12615 | D:10     | Reached skill level 9 in Unarmed Combat
 12781 | D:10     | Reached skill level 4 in Fighting
 12975 | D:10     | Noticed a hill giant
 12991 | D:10     | Killed a hill giant
 13082 | D:10     | Reached XP level 11. HP: 60/70 MP: 15/20
 13254 | D:10     | Reached skill level 5 in Fighting
 13366 | D:10     | Bought the amulet "Miakixuu" {Spirit rF+ MR+ Slay+3} for 808 gold pieces
 13399 | Lair:1   | Entered Level 1 of the Lair of Beasts
 13689 | Lair:1   | Noticed Joseph
 13709 | Lair:1   | Killed Joseph
 13738 | Lair:1   | Reached skill level 10 in Unarmed Combat
 13946 | Lair:1   | Reached skill level 8 in Dodging
 14146 | Lair:1   | Reached skill level 6 in Fighting
 14318 | Lair:1   | Noticed Erica
 14335 | Lair:1   | Killed Erica
 14924 | Lair:2   | Mangled by a blink frog

Vault maps used:
D:1:      dpeg_arrival_tiny_c, hangedman_decor_riveting, feat_on_display
D:2:      first_bread
D:5:      minmay_opposing_rooms
D:6:      minmay_temple_entry_purple_smoke
D:8:      grunt_temple_overflow_open, nicolae_overflow_crystal_walls,
          nicolae_ossuary_entry_catacombs, nicolae_water_bricks,
          grunt_ogre_cave, nicolae_ru_path_of_blood
D:9:      david_orc_2
D:10:     lair_0_dummy, uniq_nergalle
Temple:   chambers_temple_12
Lair:1:   infiniplex_staircase_pool, lemuel_fruit_tree, grunt_megastairs_2,
          uniq_joseph, uniq_erica
Lair:2:   uniq_fannar
Ossuary:  ossuary_minmay_tomb_2a

Vanquished Creatures
  Erica
  A hill giant Joseph
  A centaur skeleton
  A komodo dragon
  5 blink frogs
  A wyvern
  A basilisk
  20 yaks
  5 orc warriors
  2 sky beasts
  An ice beast
  An eye of draining
  2 centaurs
  2 necrophages
  2 ogres
  The ghost of McCoppin the Slasher, an amateur OpFi of Jiyva
  2 elf zombies
  6 giant frogs
  A water moccasin zombie
  3 scorpions
  A water moccasin skeleton
  4 wights
  2 electric eels
  16 killer bees
  7 crimson imps
  5 orc wizards
  3 giant frog zombies
  3 hounds
  3 jellies
  2 orc priests
  6 worker ants
  3 human skeletons
  2 iguanas
  A killer bee zombie
  3 hound zombies
  4 mummies
  2 worker ant zombies
  6 adders
  4 gnolls
  19 river rats
  3 shadow imps
  5 adder zombies
  3 worms
  49 orcs
  6 bats
  4 giant cockroaches
  A gnoll zombie
  4 goblins
  5 hobgoblins
  7 kobolds
  4 quokkas
  A ball python
  5 giant geckos
  2 giant gecko skeletons
  A giant gecko zombie
  2 giant newts
  A goblin zombie
  8 jackals
  A jackal zombie
  A kobold zombie
  2 orc skeletons
  2 orc zombies
  A quokka skeleton
  5 rats
  A rat zombie
280 creatures vanquished.
